 Dungeon Crawl Stone Soup version 0.29.1-15-g9cfb28693d (webtiles) character file.

Game seed: 3777425035014233847

546 Labrat the Digger (level 7, -6/55 HPs)
             Began as a Meteoran Earth Elementalist on Aug 31, 2023.
             Was an Initiate of Vehumet.
             Mangled by an orc warrior
             ... wielding a +0 long sword
              (19 damage)
             ... on level 5 of the Dungeon.
             The game lasted 00:12:30 (1221 turns).

Labrat the Digger (Meteoran Earth Elementalist)     Turns: 1221, Time: 00:12:31

Health: -6/55      AC:  2    Str: 10    XL:     7   Next: 83%
Magic:  12/17      EV: 13    Int: 19    God:    Vehumet [......]
Gold:   140        SH:  0    Dex: 14    Spells: 15/18 levels left

rFire   . . .      SeeInvis .   f - staff of earth
rCold   . . .      Faith    .   (no shield)
rNeg    . . .      Spirit   .   a - +0 robe
rPois   .          Reflect  .   (no helmet)
rElec   .          Harm     .   (no cloak)
rCorr   .          Rampage  .   (no gloves)
Will    .....                   (no boots)
Stlth   +.........              (no amulet)
HPRegen 0.18/turn               (no ring)
MPRegen 0.15/turn               (no ring)

@: glowing
A: sense surroundings 1, otherworldly, glowing, explore regen
a: Renounce Religion


You were on level 5 of the Dungeon.
You worshipped Vehumet.
Vehumet was noncommittal.
You visited 2 branches of the dungeon, and saw 6 of its levels.
You also visited: Sewer.

You collected 140 gold pieces.

Inventory:

Armour
 a - a +0 robe (worn)
Magical Staves
 f - a staff of earth (weapon)
Jewellery
 l - a ring of ice
 o - an amulet of faith
Wands
 p - a wand of charming (8)
 t - a wand of iceblast (7)
Scrolls
 g - a scroll of immolation
 h - 3 scrolls of teleportation
 i - a scroll of torment
 j - a scroll of vulnerability
 n - a scroll of summoning
 q - a scroll of noise
 r - a scroll of fear {unknown}
 u - a scroll of blinking {unknown}
 v - a scroll of fog {unknown}
Potions
 b - a potion of magic
 c - a potion of resistance {unknown}
 d - 3 potions of heal wounds {unknown}
 e - a potion of degeneration {unknown}
 k - 2 potions of brilliance {unknown}
 m - a potion of mutation {unknown}
 s - a potion of curing {unknown}
 w - 2 potions of invisibility {unknown}


   Skills:
 + Level 2.0 Fighting
 + Level 3.5 Dodging
 - Level 1.4 Stealth
 - Level 6.0 Spellcasting
 - Level 4.0 Transmutations
 - Level 6.0 Earth Magic


You had 15 spell levels left.
You knew the following spells:

 Your Spells              Type           Power      Damage    Failure   Level
a - Sandblast             Erth           84%        2d18      1%          1
b - Passwall              Tmut/Erth      30%        N/A       2%          2

Your spell library contained the following spells:

 Spells                   Type           Power      Damage    Failure   Level
 Stone Arrow              Conj/Erth      50%        3d10      10%         3
 Apportation              Tloc           10%        N/A       11%         1
 Necrotise                Necr           20%        1d5       11%         1
 Summon Small Mammal      Summ           20%        N/A       11%         1
 Petrify                  Tmut/Erth      37%        N/A       14%         4


Dungeon Overview and Level Annotations

Branches:
Dungeon (5/15) Zot: 1894   Temple (1/1) D:4 Zot: 587   Sewer (visited)

Altars:
Ashenzari
Hepliaklqana
Makhleb
Nemelex Xobeh
Okawaru
Ru
Sif Muna
Uskayaw
Vehumet
Xom

Annotations:
D:3 1 exclusion


Innate Abilities, Weirdness & Mutations

You passively map a small area around you.
You are easily found by Zot.
You glow in the dark.
You regain HP and MP as you explore.


Message History

Aim: an orc, wielding a +0 hand axe and wearing a +0 ring mail (87% to hit)
You feel a surge of power!
The blast of sand hits the orc but does no damage.
The orc hits you with a +0 hand axe.
Unknown command.
Casting: Sandblast (safe; 1% risk of failure)
Confirm with . or Enter, or press ? or * to list all spells.
Aiming: Sandblast (safe; 1% risk of failure)
Press: ? - help, Shift-Dir - straight line, f/p - orc
Aim: an orc, wielding a +0 hand axe and wearing a +0 ring mail (87% to hit)
You feel a surge of power!
The blast of sand hits the orc!!
You kill the orc!
Vehumet accepts your kill.
The orc warrior shoots a bolt.
The bolt closely misses you.
Casting: Sandblast (safe; 1% risk of failure)
Confirm with . or Enter, or press ? or * to list all spells.
Aiming: Sandblast (safe; 1% risk of failure)
Press: ? - help, Shift-Dir - straight line, f - orc warrior
Aim: an orc warrior, wielding a +0 arbalest and wearing a +0 plate armour (85% to hit)
Okay, then.
Unknown command.
Casting: Sandblast (safe; 1% risk of failure)
Confirm with . or Enter, or press ? or * to list all spells.
Aiming: Sandblast (safe; 1% risk of failure)
Press: ? - help, Shift-Dir - straight line, f - orc warrior
Aim: an orc warrior, wielding a +0 arbalest and wearing a +0 plate armour (85% to hit)
You feel a surge of power!
The blast of sand hits the orc warrior.
The orc warrior is moderately wounded.
The orc warrior shoots a bolt.
The bolt hits you!
* * * LOW HITPOINT WARNING * * *
Casting: Sandblast (safe; 1% risk of failure)
Confirm with . or Enter, or press ? or * to list all spells.
Aiming: Sandblast (safe; 1% risk of failure)
Press: ? - help, Shift-Dir - straight line, f/p - orc warrior
Aim: an orc warrior, wielding a +0 arbalest and wearing a +0 plate armour (moderately wounded, 85% to hit)
You feel a surge of power!
The blast of sand hits the orc warrior!
The orc warrior is severely wounded.
The orc warrior unwields a +0 arbalest.
The orc warrior wields a +0 long sword.
The orc warrior hits you with a +0 long sword!!
You die...

, * , , ,,* , ,......#
, ......# , , * ......
* ...# ,, * *#)...
...#, , #..) , , ,
...# #.. * , ...+ , ,
#o# ,,, * ,
...###+#########@#
.................#,
.............###.# , ,
............##.###+ *
............#..)†.##*
,
............##.###'##
,
########+##..#####..##
, #..........#....#,,
, #..........)....#


You could see an orc warrior.

Vanquished Creatures
  A water moccasin (D:5)
  Pargi (Sewer)
  A black bear (D:4)
  A hound (D:3)
  3 orc priests
  An iguana (D:5)
  5 gnolls
  A worm (D:3)
  2 dart slugs
  5 orcs
  A ball python (D:3)
  7 endoplasms
  5 giant cockroaches
  4 goblins
  3 hobgoblins
  2 jackals (D:2)
  2 quokkas
  3 bats
  A frilled lizard (D:2)
  7 kobolds
  6 rats
62 creatures vanquished.

Notes
Turn   | Place    | Note
-------+----------+-------------------------------------------
     0 | D:1      | Labrat the Meteoran Earth Elementalist began the quest for
                  | the Orb.
     0 | D:1      | Reached XP level 1. HP: 14/14 MP: 5/5
    70 | D:1      | Reached XP level 2. HP: 20/20 MP: 3/6
   136 | D:2      | Learned a level 2 spell: Passwall
   313 | D:1      | Reached XP level 3. HP: 26/26 MP: 6/8
   345 | D:2      | Noticed an eye of devastation
   347 | D:2      | Found a faded altar of an unknown god.
   348 | D:2      | Noticed a golden eye
   348 | D:2      | Noticed a golden eye
   348 | D:2      | Noticed a great orb of eyes
   461 | D:3      | Reached XP level 4. HP: 27/33 MP: 5/10
   523 | D:3      | Reached XP level 5. HP: 25/38 MP: 4/11
   824 | D:3      | Found a glowing drain.
   831 | Sewer    | Entered a sewer
   837 | Sewer    | Noticed Pargi
   841 | Sewer    | Killed Pargi
   842 | Sewer    | Reached skill level 5 in Earth Magic
   842 | Sewer    | Reached XP level 6. HP: 33/45 MP: 9/14
  1032 | D:4      | Found a staircase to the Ecumenical Temple.
  1036 | D:4      | Reached skill level 5 in Spellcasting
  1048 | Temple   | Entered the Ecumenical Temple
  1055 | Temple   | Became a worshipper of Vehumet
  1109 | D:4      | Noticed a black bear
  1117 | D:4      | Killed a black bear
  1118 | D:4      | Reached XP level 7. HP: 48/50 MP: 12/16
  1145 | D:5      | Entered Level 5 of the Dungeon
  1201 | D:5      | Noticed a water moccasin
  1205 | D:5      | Killed a water moccasin
  1206 | D:5      | Reached skill level 1 in Fighting
  1221 | D:5      | Mangled by an orc warrior

Illustrated notes

Levels and vault maps discovered:
D:1:      tarquinn_simple_flora_water_d, layout_rooms, serial_shops, shop,
          st_stairs_11
D:2:      layout_loops_ring, hellmonk_ecumenical_altar_watching_god
D:3:      layout_basic, chei_slow_surprise, portal_sewer_entry_e
D:4:      layout_basic, minitemple, minmay_temple_entry_sparse_star,
          serial_curves, eino_curves_03, eino_curves_04,
          minmay_misc_feat_diagonals
D:5:      layout_gridville, dreamdust_divine_triumvirate, serial_shops,
          nicolae_shop_hallway_plus, nicolae_ossuary_entry_plus,
          minmay_joined_circles
Temple:   nicolae_temple_ecumenical_triangle

Skill      XL: |  1  2  3  4  5  6  7 |
---------------+----------------------+-----
Spellcasting   | 3 4 5 6 |  6.0
Earth Magic    | 4 5 6 |  6.0
Transmutations | 2 3 4 |  4.0
Fighting       | 2 |  2.0
Dodging        | 3 |  3.5
Stealth        | |  1.4

Action                   |  1- 3 |  4- 6 |  7- 9 || total
-------------------------+-------+-------+-------++-------
Melee: Unarmed           |     8 |       |       ||     8
       Staff             |       |    18 |     4 ||    22
 Cast: Sandblast         |    27 |    45 |    10 ||    82
       Passwall          |     2 |    15 |     1 ||    18
  Use: Scroll            |       |     6 |       ||     6
Armor: Robe              |     1 |    10 |     1 ||    12
Dodge: Dodged            |     7 |    24 |     4 ||    35
